 Dungeon Crawl Stone Soup version 0.31.0-12-g77e489cdc1 (webtiles) character file.

Game seed: 13695234791552935385

236 GigaNiga123 the Chopper (level 5, 0/42 HPs)
             Began as a Demonspawn Berserker on Mar 6, 2024.
             Was a Believer of Trog.
             Succumbed to a water moccasin's poison
             ... on level 5 of the Dungeon.
             The game lasted 00:20:53 (1674 turns).

GigaNiga123 the Chopper (Demonspawn Berserker)      Turns: 1674, Time: 00:20:54

Health: 0/42       AC:  8    Str: 19    XL:     5   Next: 77%
Magic:  5/5        EV: 12    Int:  7    God:    Trog [**....]
Gold:   56         SH:  0    Dex: 13    Spells: 4/4 levels left

rFire   . . .        q - +8 hand axe of the Magi {heavy, +Blink rC++ rCorr}
rCold   + + .        (no shield)
rNeg    . . .        A - +2 leather armour {Will+}
rPois   .            (helmet restricted)
rElec   .            (no cloak)
rCorr   +            (no gloves)
SInv    .            r - +2 pair of boots {Fly}
Will    +....        (no amulet)
Stlth   +            (no ring)
HPRegen 0.27/turn    (no ring)
MPRegen 0.09/turn

%: no passive effects
@: lethally poisoned (0 -> -6), flying
A: antennae 1, demonic guardian 1
a: Renounce Religion, Evoke Blink, Berserk, Trog's Hand


You were on level 5 of the Dungeon.
You worshipped Trog.
Trog was pleased with you.
You visited 1 branch of the dungeon, and saw 5 of its levels.
You also visited: Ossuary.

You collected 56 gold pieces.

Inventory:

Hand Weapons
 a - a +0 hand axe
 c - a +0 short sword
 f - a +0 whip
 h - a +3 antimagic spear
 n - a +0 great mace
 q - the +8 hand axe of the Magi (weapon) {heavy, +Blink rC++ rCorr}
   (You found it on level 2 of the Dungeon)

   rC++:      It greatly protects you from cold.
   +Blink:    It lets you blink.
   rCorr:     It protects you from acid and corrosion.
 D - a +0 hand axe of pain
Missiles
 d - 6 curare-tipped darts (quivered)
 k - 3 stones
 p - 5 darts of dispersal
 B - 6 poisoned darts
Armour
 b - a +0 animal skin
 i - a +0 leather armour
 j - a +0 ring mail
 r - a +2 pair of boots of flying (worn)
 y - a +0 ring mail
 A - a +2 leather armour of willpower (worn)
 E - a +0 scale mail
Wands
 t - a wand of flame (7)
Scrolls
 l - 3 scrolls of identify {unknown}
 m - a scroll of enchant weapon {unknown}
 o - 2 scrolls of noise {unknown}
 C - a scroll of butterflies {unknown}
Potions
 e - 5 potions of attraction {unknown}
 g - a potion of magic {unknown}
 s - 4 potions of degeneration {unknown}
 u - 2 potions of mutation {unknown}
 v - a potion of curing {unknown}
 w - a potion of heal wounds {unknown}
 x - 2 potions of enlightenment {unknown}
 z - a potion of lignification {unknown}


   Skills:
 + Level 4.2 Fighting
 + Level 4.4(4.5) Axes
 + Level 0.5(2.8) Polearms
 + Level 2.5 Armour
 + Level 2.2 Dodging
 + Level 0.6 Stealth


You had 4 spell levels left.
You didn't know any spells.
Your spell library was empty.

Dungeon Overview and Level Annotations

Branches:
Dungeon (5/15)            Ossuary (visited)
 Temple: D:4-7

Altars:


Innate Abilities, Weirdness & Mutations

You have a pair of small antennae on your head.
A weak demonic guardian rushes to your aid.


Message History

The killer bee zombie attacks as it pursues you!
The killer bee zombie closely misses you.
The water moccasin attacks as it pursues you!
The water moccasin barely misses you.
You see here a scroll labelled PEOZUCZA WINK.
The water moccasin attacks as it pursues you!
The water moccasin bites you.
You are poisoned.
The water moccasin poisons you! The water moccasin bites you.
You are lethally poisoned!
The water moccasin poisons you!
Found a stone staircase leading up.
You feel very sick.
You feel very sick.
The water moccasin attacks as it pursues you!
The water moccasin completely misses you.
* * * LOW HITPOINT WARNING * * *
You feel very sick. The water moccasin closely misses you.
The killer bee zombie closely misses you.
The water moccasin bites you but does no damage.
* * * LOW HITPOINT WARNING * * *
You feel sick.
The killer bee zombie closely misses you.
The water moccasin barely misses you.
The killer bee zombie closely misses you.
* * * LOW HITPOINT WARNING * * *
You feel very sick.
The killer bee zombie attacks as it pursues you!
The killer bee zombie closely misses you.
The water moccasin bites you but does no damage.
The water moccasin bites you.
* * * LOW HITPOINT WARNING * * *
A demonic guardian appears!
The killer bee zombie hits you but does no damage.
You swap places.
* * * LOW HITPOINT WARNING * * *
You feel sick.
Your ufetubus hits the water moccasin. x2
The water moccasin completely misses your ufetubus.
You die...

.#.... ..#
...... ..#
#.... ..#
#.... ..
....#.# <...
#.########.##
#@.5o.......#
####SZ......#
#f#####..#
#Z# # #?# #.#
########.# #
#........#
♣#.#........#


You could see a water moccasin (ally target), an orc, a killer bee zombie and a
friendly ufetubus (summoned).

Vanquished Creatures
  A water moccasin zombie (Ossuary)
  A jelly (D:4)
  Ijyb (D:4)
  A crocodile zombie (Ossuary)
  2 mummies (Ossuary)
  An adder zombie (Ossuary)
  A dart slug (D:3)
  A ribbon worm (D:3)
  2 orcs
  2 bats
  An endoplasm (D:3)
  2 giant cockroaches (D:1)
  3 gnoll zombies (Ossuary)
  A goblin (D:1)
  A hobgoblin (D:1)
  10 jackals
  3 ball pythons
  2 frilled lizards (D:1)
  2 jackal zombies (Ossuary)
  3 kobolds (D:1)
  2 rats (D:1)
43 creatures vanquished.

Vanquished Creatures (collateral kills)
  A bombardier beetle (D:4)
1 creature vanquished.

Grand Total: 44 creatures vanquished

Notes
Turn   | Place    | Note
-------+----------+-------------------------------------------
     0 | D:1      | GigaNiga123 the Demonspawn Berserker began the quest for
                  | the Orb.
     0 | D:1      | Reached XP level 1. HP: 18/18 MP: 1/1
   112 | D:1      | Gained mutation: A weak demonic guardian rushes to your
                  | aid. [demonic ancestry]
   112 | D:1      | Reached XP level 2. HP: 20/24 MP: 2/2
  1055 | D:2      | Identified the +8 hand axe of the Magi {heavy, +Blink rC++
                  | rCorr}
  1155 | D:3      | Reached XP level 3. HP: 26/29 MP: 3/3
  1279 | D:4      | Noticed Ijyb
  1281 | D:4      | Reached ** piety under Trog
  1288 | D:4      | Killed Ijyb
  1296 | D:4      | Found a sand-covered staircase.
  1302 | Ossuary  | Entered an ossuary
  1316 | Ossuary  | Reached XP level 4. HP: 18/35 MP: 4/4
  1400 | Ossuary  | Gained mutation: You have a pair of small antennae on your
                  | head. [demonic ancestry]
  1400 | Ossuary  | Reached XP level 5. HP: 20/42 MP: 5/5
  1647 | D:5      | Entered Level 5 of the Dungeon
  1654 | D:5      | Noticed a water moccasin
  1672 | D:5      | HP: 2/42 [water moccasin (3)]
  1674 | D:5      | Succumbed to a water moccasin's poison

Illustrated notes

Levels and vault maps discovered:
D:1:      dpeg_arrival_fog, layout_loops_cross
D:2:      layout_rooms, minmay_diced_spiral
D:3:      layout_basic, hellmonk_ecumenical_altar_arch_garden
D:4:      layout_loops_cross, lemuel_coloured_pillars_altar,
          mainiacjoe_overflow_alcove_1, minmay_temple_entry_fiery,
          nicolae_ossuary_entry_plus, uniq_grinder, uniq_ijyb
D:5:      layout_basic, nicolae_yredelemnul_corpse_copse,
          cheibrodos_sewer_entry_sluice

Skill      XL: |  1  2  3  4  5 |
---------------+----------------+-----
Axes           | 3 4 |  4.4
Armour         | 2 |  2.5
Dodging        | 2 |  2.2
Fighting       | 4 |  4.2
Polearms       | |  0.5
Stealth        | |  0.6

Action                     |  1- 3 |  4- 6 || total
---------------------------+-------+-------++-------
  Melee: Hand axe          |    47 |    27 ||    74
         Spear             |    22 |       ||    22
  Throw: Dart              |       |     1 ||     1
    Use: Scroll            |       |     1 ||     1
 Armour: Animal skin       |    41 |       ||    41
         Ring mail         |    26 |    20 ||    46
         Leather armour    |       |    20 ||    20
  Dodge: Dodged            |    86 |    41 ||   127
